Map: Odyssey LE

Players

NORTHAMERICA - Winner!

  • Race: Protoss Protoss
  • League: Grandmaster
  • Spawn Location: 5:00

開心

  • Race: Zerg Zerg
  • League: Diamond
  • Spawn Location: 11:00

VOD

Have the link to the VOD?

Description

Time

  • Played on: July 6, 2017, 12:46 a.m.
  • Length: 11:28
Show
View Real Time Build Order
Export as new Build Order

NORTHAMERICA Protoss - Winner!

Build Orders: 1 Gate Expand, Oracle Opening 

Get SALT Encoding   

  12  0:01  Probe (Chrono Boost)  
  13  0:11  Probe (Chrono Boost)  
  14  0:24  Pylon  
  14  0:26  Probe (Chrono Boost)  
  15  0:42  Probe (Chrono Boost)  
  16  0:43  Gateway  
  16  0:53  Probe (Chrono Boost)  
  16  0:54  Assimilator  
  17  1:03  Probe (Chrono Boost)  
  18  1:14  Probe (Chrono Boost)  
  19  1:25  Nexus  
  19  1:33  Cybernetics Core  
  19  1:37  Probe (Chrono Boost)  
  20  1:43  Assimilator  
  20  1:48  Probe (Chrono Boost)  
  21  1:55  Pylon  
  21  1:58  Probe (Chrono Boost)  
  22  2:09  Probe (Chrono Boost)  
  22  2:11  Warp Gate  
  22  2:13  Adept (Chrono Boost)  
  25  2:20  Probe  
  26  2:32  Probe (Chrono Boost), Stargate  
  27  2:38  Probe (Chrono Boost)  
  27  2:42  Probe (Chrono Boost)  
  27  2:43  Adept (Chrono Boost)  
  31  2:49  Probe  
  32  2:53  Probe  
  33  3:01  Probe (Chrono Boost)  
  33  3:04  Probe (Chrono Boost)  
  35  3:12  Probe (Chrono Boost)  
  35  3:15  Oracle (Chrono Boost)  
  35  3:18  Probe  
  40  3:22  Probe  
  40  3:25  Gateway x2  
  41  3:30  Probe, Adept  
  41  3:32  Probe  
  45  3:34  Pylon  
  45  3:42  Probe  
  45  3:48  Pylon  
  46  3:50  Probe  
  46  3:52  Oracle (Chrono Boost)  
  46  3:54  Probe  
  51  4:01  Probe  
  52  4:06  Probe, Pylon  
  53  4:11  Probe  
  54  4:19  Probe  
  54  4:22  Probe  
  56  4:26  Assimilator  
  56  4:29  Phoenix (Chrono Boost)  
  56  4:30  Assimilator  
  56  4:31  Probe, Pylon  
  59  4:32  Probe  
  59  4:35  Adept x3  
  66  4:43  Nexus  
  66  4:44  Mothership Core (Chrono Boost)  
  68  4:51  Pylon  
  68  4:52  Probe (Chrono Boost)  
  69  4:58  Sentry  
  71  5:03  Probe (Chrono Boost)  
  72  5:17  Probe (Chrono Boost)  
  71  5:21  Robotics Facility  
  71  5:22  Robotics Facility  
  71  5:25  Forge  
  71  5:27  Twilight Council  
  71  5:29  Probe (Chrono Boost)  
  71  5:30  Gateway  
  71  5:32  Gateway  
  71  5:33  Probe (Chrono Boost)  
  71  5:39  Probe (Chrono Boost)  
  72  5:46  Probe (Chrono Boost)  
  71  5:50  Probe (Chrono Boost)  
  71  5:52  Sentry x2  
  71  5:53  Gateway  
  71  5:55  Gateway  
  75  5:57  Zealot  
  75  5:58  Pylon  
  75  5:59  Pylon  
  78  6:06  Pylon  
  78  6:09  Immortal (Chrono Boost)  
  81  6:14  Immortal (Chrono Boost)  
  81  6:16  Probe  
  81  6:18  Probe  
  87  6:19  Probe  
  88  6:28  Probe  
  88  6:30  Probe, Protoss Ground Weapons Level 1, Charge (Chrono Boost)  
  88  6:31  Probe  
  91  6:37  Zealot  
  91  6:38  Zealot x2  
  97  6:41  Probe  
  97  6:42  Probe  
  97  6:44  Probe  
  100  6:49  Templar Archives  
  100  6:53  Immortal (Chrono Boost)  
  104  7:03  Probe  
  104  7:05  Assimilator  
  104  7:07  Assimilator  
  104  7:08  Pylon  
  105  7:09  Photon Cannon  
  105  7:10  Pylon  
  109  7:15  Immortal (Chrono Boost)  
  109  7:20  Probe  
  109  7:22  Psionic Storm  
  110  7:26  Gateway  
  110  7:28  Probe  
  111  7:32  Photon Cannon, High Templar, Pylon  
  111  7:35  High Templar  
  115  7:39  Probe  
  115  7:41  Zealot x2  
  115  7:42  Zealot x3  
  126  7:47  Immortal  
  126  7:51  Cybernetics Core  
  126  7:58  Pylon  
  127  8:02  Pylon  
  127  8:03  Zealot x3  
  128  8:09  Immortal  
  132  8:17  Zealot x2  
  134  8:22  Robotics Bay  
  132  8:28  Immortal  
  132  8:32  Zealot x3  
  103  8:49  Immortal (Chrono Boost)  
  103  8:51  Zealot  
  105  9:01  Gateway  
  105  9:03  Gateway  
  105  9:05  Gateway  
  105  9:07  Mothership Core  
  105  9:08  Gateway  
  107  9:10  Gateway, High Templar  
  107  9:11  High Templar x3  
  107  9:14  Observer (Chrono Boost)  
  116  9:18  Pylon  
  116  9:28  Immortal (Chrono Boost)  
  116  9:29  Photon Cannon  
  120  9:31  High Templar  
  124  9:40  Immortal (Chrono Boost)  
  124  9:43  Zealot x2  
  124  9:44  Zealot x2  
  132  9:50  Pylon  
  132  9:51  Pylon  
  132  10:01  Zealot  
  132  10:04  Immortal (Chrono Boost)  
  132  10:06  High Templar x2  
  140  10:07  Nexus  
  140  10:08  Pylon  
  140  10:09  High Templar x2  
  140  10:12  Archon  
  140  10:13  Archon  
  144  10:14  Zealot  
  144  10:15  Zealot x2  
  150  10:23  Stalker  
  156  10:33  Immortal (Chrono Boost)  
  156  10:37  Zealot x3  
  156  10:38  Zealot x2  
  162  10:46  Immortal (Chrono Boost)  
  162  10:52  Zealot x2  
  162  10:53  Zealot  
  166  11:02  Archon x2  
  158  11:07  Zealot x3  
  158  11:08  Zealot x2  
Show
View Real Time Build Order
Export as new Build Order

開心 Zerg 

Build Orders: Pool First 

Get SALT Encoding   

  12  0:01  Drone  
  13  0:12  Overlord  
  13  0:17  Drone  
  14  0:31  Drone x2  
  14  0:34  Drone  
  17  0:46  Spawning Pool  
  17  0:48  Drone  
  17  1:08  Hatchery  
  17  1:11  Drone  
  17  1:18  Drone x2  
  19  1:32  Queen  
  21  1:33  Zergling x2  
  22  1:49  Hatchery  
  21  1:56  Drone  
  21  1:59  Overlord  
  22  2:19  Drone x2  
  22  2:20  Queen  
  22  2:21  Drone  
  27  2:24  Drone  
  28  2:31  Drone  
  28  2:33  Drone  
  30  2:38  Extractor  
  30  2:40  Extractor  
  30  2:41  Drone x3  
  31  2:47  Overlord, Drone  
  32  2:53  Zergling x2  
  32  2:57  Zergling x2  
  35  3:07  Drone  
  35  3:08  Drone  
  35  3:12  Drone x2  
  39  3:16  Drone x2  
  39  3:17  Drone  
  41  3:21  Lair  
  41  3:25  Evolution Chamber  
  40  3:29  Drone x3  
  43  3:35  Overlord  
  43  3:39  Drone  
  43  3:40  Drone  
  45  3:43  Roach Warren  
  45  3:47  Drone x2  
  46  3:51  Zerg Missile Weapons Level 1  
  46  3:52  Overlord  
  46  4:00  Drone  
  47  4:03  Extractor  
  47  4:05  Drone x3  
  47  4:07  Drone  
  49  4:17  Spore Crawler  
  49  4:19  Spore Crawler  
  49  4:21  Drone x2  
  49  4:23  Drone  
  48  4:25  Roach  
  48  4:26  Roach x4  
  48  4:27  Glial Reconstitution  
  58  4:35  Extractor, Drone x3  
  58  4:36  Drone  
  61  4:40  Overlord  
  61  4:43  Overlord  
  61  4:49  Ravager  
  61  4:50  Ravager  
  61  4:51  Roach  
  65  4:56  Drone  
  65  4:59  Drone x3  
  69  5:00  Roach x2  
  74  5:07  Roach x3  
  74  5:12  Roach x2  
  81  5:18  Overlord x2  
  80  5:24  Overlord  
  79  5:28  Hydralisk Den  
  77  5:36  Spore Crawler  
  71  5:46  Drone x4  
  71  5:47  Drone x4  
  74  5:52  Drone  
  75  5:57  Muscular Augments  
  75  6:00  Hydralisk x2  
  75  6:01  Hydralisk  
  75  6:03  Hydralisk  
  80  6:08  Hydralisk  
  84  6:12  Hydralisk  
  84  6:14  Hydralisk  
  84  6:16  Ravager  
  89  6:19  Overlord  
  89  6:22  Overlord  
  89  6:36  Overlord x2  
  89  6:38  Drone x6  
  89  6:39  Drone  
  96  6:40  Ravager x2  
  96  6:41  Ravager  
  96  6:43  Ravager  
  96  6:45  Ravager  
  101  6:50  Hydralisk x2  
  101  6:52  Overlord  
  105  6:57  Hydralisk  
  105  7:00  Roach x2  
  111  7:04  Hydralisk  
  111  7:07  Overlord  
  111  7:08  Overlord  
  113  7:12  Hydralisk  
  115  7:16  Roach x2  
  115  7:19  Overlord x2  
  119  7:29  Zerg Missile Weapons Level 2  
  119  7:30  Drone x2  
  119  7:31  Drone x2  
  119  7:33  Roach x2  
  127  7:37  Roach  
  127  7:39  Roach x2  
  133  7:48  Roach x2  
  133  7:49  Roach x2  
  141  8:03  Roach x2  
  141  8:04  Overlord x2  
  139  8:14  Overlord x3  
  137  8:30  Roach x7  
  135  8:35  Roach  
  119  8:43  Hydralisk x2  
  107  8:52  Hydralisk  
  107  8:53  Hydralisk x2  
  93  8:57  Hydralisk  
  93  8:58  Extractor  
  93  8:59  Extractor  
  93  9:01  Queen  
  93  9:03  Hydralisk  
  93  9:04  Hydralisk  
  97  9:15  Drone x3  
  100  9:17  Drone  
  100  9:18  Hydralisk x6  
  100  9:23  Roach  
  113  9:32  Hydralisk x2  
  116  9:40  Metabolic Boost  
  116  9:43  Drone  
  116  9:44  Drone x2  
  119  9:46  Drone  
  119  9:47  Hydralisk x5, Hatchery  
  119  9:51  Roach x2  
  133  9:57  Roach  
  135  10:01  Roach x2  
  135  10:05  Roach  
  141  10:11  Roach x2  
  145  10:15  Roach  
  145  10:16  Roach x5  
  145  10:18  Ravager  
  145  10:20  Roach  
  160  10:22  Roach  
  160  10:23  Ravager  
  160  10:26  Roach x2  
  167  10:29  Roach  
  167  10:35  Roach  
  171  10:37  Overlord x2  
  149  10:51  Roach x3  
  149  10:52  Roach x5  
  139  11:07  Roach x6  
Tags
 
Add a new tag
Caveats
  • Supply blocks, unpowered buildings, or Contaminate may cause inaccurate times.
  • Supply counts are checked every 10 seconds.